Map: Muralla dorada EJ

Players

Fortified

  • Race: Protoss Protoss
  • League: Platinum
  • Spawn Location: 5:00

Leavage - Winner!

  • Race: Terran Terran
  • League: Platinum
  • Spawn Location: 7:00

VOD

Have the link to the VOD?

Description

Time

  • Played on: Aug. 21, 2020, 5:53 p.m.
  • Length: 8:48
Show
View Real Time Build Order
Export as new Build Order

Fortified Protoss 

Build Orders: 1 Gate Expand, Phoenix Opening, Colossus Rush 

Get SALT Encoding   

  12  0:01  Probe (Chrono Boost)  
  13  0:10  Probe (Chrono Boost)  
  14  0:17  Pylon  
  15  0:21  Probe  
  15  0:35  Probe  
  16  0:37  Gateway  
  16  0:47  Probe  
  16  0:48  Assimilator  
  17  0:59  Probe (Chrono Boost)  
  19  1:11  Probe (Chrono Boost)  
  19  1:16  Probe (Chrono Boost)  
  20  1:25  Probe  
  20  1:32  Nexus  
  21  1:41  Cybernetics Core  
  21  1:44  Pylon  
  21  1:48  Probe  
  22  1:59  Assimilator  
  22  2:01  Probe (Chrono Boost)  
  23  2:13  Probe (Chrono Boost)  
  24  2:18  Probe (Chrono Boost), Stalker  
  27  2:25  Robotics Facility  
  27  2:29  Probe  
  28  2:41  Probe (Chrono Boost)  
  29  2:49  Probe (Chrono Boost)  
  31  2:53  Probe (Chrono Boost)  
  31  2:57  Probe (Chrono Boost)  
  31  2:58  Probe (Chrono Boost)  
  32  3:01  Sentry  
  35  3:10  Probe (Chrono Boost)  
  35  3:12  Probe (Chrono Boost)  
  38  3:20  Probe (Chrono Boost)  
  38  3:23  Probe (Chrono Boost)  
  38  3:25  Probe (Chrono Boost)  
  40  3:28  Stalker  
  40  3:32  Probe  
  43  3:35  Pylon  
  43  3:36  Probe  
  43  3:38  Assimilator  
  43  3:39  Pylon  
  44  3:44  Probe, Assimilator  
  44  3:47  Pylon  
  44  3:48  Probe, Robotics Bay  
  45  3:50  Phoenix  
  45  3:54  Warp Gate (Chrono Boost)  
  46  3:56  Probe  
  46  4:01  Probe  
  47  4:08  Probe  
  48  4:13  Stalker  
  48  4:15  Probe (Chrono Boost)  
  51  4:20  Probe (Chrono Boost)  
  52  4:27  Gateway  
  52  4:30  Probe x2 (Chrono Boost)  
  54  4:35  Probe (Chrono Boost)  
  54  4:37  Probe  
  56  4:38  Extended Thermal Lance  
  56  4:43  Nexus  
  55  4:47  Probe (Chrono Boost)  
  55  4:49  Probe (Chrono Boost)  
  58  5:01  Probe (Chrono Boost)  
  58  5:05  Probe (Chrono Boost), Pylon  
  59  5:08  Probe (Chrono Boost)  
  59  5:11  Probe (Chrono Boost)  
  50  5:19  Probe (Chrono Boost)  
  51  5:23  Probe (Chrono Boost), Pylon  
  51  5:24  Stalker  
  51  5:26  Stalker  
  57  5:29  Probe (Chrono Boost)  
  57  5:30  Probe (Chrono Boost)  
  58  5:37  Probe  
  58  5:39  Forge, Probe  
  58  5:41  Forge  
  60  5:42  Forge  
  60  5:43  Twilight Council  
  61  5:50  Probe (Chrono Boost)  
  61  5:52  Colossus  
  61  5:53  Probe (Chrono Boost)  
  68  5:59  Probe (Chrono Boost)  
  68  6:02  Probe (Chrono Boost)  
  71  6:09  Probe x2 (Chrono Boost)  
  71  6:10  Probe (Chrono Boost)  
  73  6:13  Stalker  
  73  6:14  Probe (Chrono Boost), Stalker  
  73  6:15  Probe (Chrono Boost)  
  73  6:17  Probe (Chrono Boost)  
  80  6:24  Templar Archives  
  80  6:31  Probe (Chrono Boost)  
  80  6:32  Probe (Chrono Boost), Pylon  
  83  6:33  Probe (Chrono Boost)  
  83  6:36  Pylon  
  83  6:37  Probe (Chrono Boost)  
  83  6:38  Probe (Chrono Boost)  
  83  6:39  Assimilator  
  85  6:40  Probe  
  85  6:41  Charge  
  85  6:44  Assimilator  
  86  6:47  Pylon  
  86  6:48  Probe, Protoss Ground Weapons Level 1 (Chrono Boost)  
  86  6:50  Protoss Ground Armor Level 1 (Chrono Boost), Probe  
  86  6:52  Probe  
  89  7:00  Probe  
  90  7:02  Probe  
  90  7:03  Phoenix  
  91  7:10  Nexus  
  91  7:15  Probe  
  92  7:19  Probe  
  92  7:20  Probe  
  94  7:30  Gateway  
  94  7:35  Stalker x2  
  98  7:40  Probe x3, Pylon, Colossus  
  107  7:47  Gateway  
  107  7:50  Gateway  
  107  7:52  Probe, Gateway  
  107  7:54  Gateway  
  96  8:08  Stalker x2  
  93  8:25  Stalker  
Show
View Real Time Build Order
Export as new Build Order

Leavage Terran - Winner!

Build Orders: Reaper Expand 

Get SALT Encoding   

  12  0:00  SCV  
  13  0:12  SCV  
  14  0:18  Supply Depot  
  14  0:24  SCV  
  15  0:39  SCV  
  15  0:41  Barracks  
  16  0:45  Refinery  
  16  0:55  SCV  
  17  1:09  SCV  
  18  1:23  SCV  
  19  1:30  Reaper  
  20  1:35  Orbital Command  
  20  1:45  Command Center  
  21  2:01  SCV, Marine  
  22  2:13  SCV  
  23  2:21  Supply Depot  
  23  2:22  Factory  
  23  2:23  Barracks Reactor  
  23  2:42  SCV  
  24  2:52  Refinery  
  24  2:54  SCV  
  25  3:00  Orbital Command  
  25  3:01  Bunker  
  25  3:06  Marine x2  
  25  3:07  Widow Mine, SCV  
  25  3:10  Starport  
  30  3:19  SCV  
  31  3:25  Marine x2  
  33  3:29  Widow Mine  
  33  3:30  Supply Depot  
  33  3:31  SCV  
  33  3:34  SCV  
  37  3:43  Marine  
  37  3:47  SCV x2, Marine  
  41  3:49  Medivac  
  41  3:50  Widow Mine  
  41  3:54  Supply Depot  
  45  3:59  SCV  
  45  4:01  Marine  
  47  4:05  Marine  
  48  4:11  SCV x2  
  48  4:14  Factory Tech Lab  
  50  4:19  Marine  
  50  4:23  SCV x2, Marine  
  54  4:26  Supply Depot  
  54  4:27  Starport Tech Lab  
  54  4:35  SCV x2  
  54  4:36  Marine  
  54  4:37  Refinery  
  57  4:41  Marine  
  58  4:46  Command Center  
  58  4:49  SCV x2  
  58  4:51  Raven  
  61  5:18  SCV x2  
  61  5:19  Marine x2  
  61  5:20  Siege Tank  
  68  5:27  Barracks  
  68  5:30  SCV, Barracks  
  68  5:32  SCV  
  70  5:41  Engineering Bay x2  
  70  5:43  Refinery  
  70  5:47  SCV x2  
  72  5:51  Supply Depot  
  72  5:52  Supply Depot  
  72  5:56  Marine x2  
  74  5:57  Siege Tank  
  74  5:59  SCV  
  74  6:03  Orbital Command  
  78  6:07  Starport Reactor  
  78  6:18  Barracks Tech Lab  
  78  6:20  Marine x2  
  78  6:22  Terran Infantry Weapons Level 1, Terran Infantry Armor Level 1  
  78  6:23  SCV  
  78  6:24  SCV  
  82  6:30  Supply Depot  
  82  6:33  Supply Depot  
  82  6:36  Marauder  
  82  6:37  Marauder  
  82  6:38  Marine  
  82  6:39  SCV  
  88  6:42  Stimpack  
  88  6:43  Combat Shield  
  88  6:45  Marine  
  89  6:47  Orbital Command  
  89  6:55  SCV x2  
  89  6:56  Marine  
  89  6:57  Marine  
  89  6:58  Marauder  
  89  6:59  Medivac x2  
  99  7:03  Marine  
  100  7:10  SCV x2  
  100  7:13  Marine, Factory Reactor  
  100  7:15  Marine  
  103  7:21  Marine  
  103  7:22  Marauder  
  107  7:31  Marine  
  107  7:33  Marine  
  109  7:40  Barracks x2  
  109  7:41  SCV, Barracks  
  109  7:44  Marauder  
  105  8:27  Marine x2  
Tags
 
Add a new tag
Caveats
  • Supply blocks, unpowered buildings, or Contaminate may cause inaccurate times.
  • Supply counts are checked every 10 seconds.